 Dungeon Crawl Stone Soup version 0.24-a0-201-gf205589 (console) character file.

Game seed: 4830937201216382651

285 bli the Slasher (level 6, 0/52 HPs)
             Began as a Draconian Monk on Mar 25, 2019.
             Slain by an orc
             ... wielding a +0 mace
              (4 damage)
             ... on level 3 of the Dungeon.
             The game lasted 00:07:35 (2507 turns).

bli the Slasher (Draconian Monk)                    Turns: 2507, Time: 00:07:37

Health: 0/52       AC:  7    Str: 14    XL:     6   Next: 7%
Magic:  6/6        EV: 14    Int: 10    God:
Gold:   182        SH:  0    Dex: 15    Spells: 5/5 levels left

rFire    . . .     SeeInvis .   a - +0 falchion
rCold    . . .     Gourm    .   (no shield)
rNeg     . . .     Faith    .   (armour unavailable)
rPois    .         Spirit   .   (helmet restricted)
rElec    .         Reflect  .   i - scarf {repulsion}
rCorr    .         Harm     .   (no gloves)
MR       .....                  g - +0 pair of boots (curse)
Stlth    ++........             (no amulet)
HPRegen  0.17/turn              (no ring)
MPRegen  0.10/turn              (no ring)

@: repel missiles
A: unfitting armour, cold-blooded, AC +6
a: no special abilities


You were on level 3 of the Dungeon.
You were not hungry.

You visited 1 branch of the dungeon, and saw 3 of its levels.
You also visited: Sewer.

You collected 182 gold pieces.

Inventory:

Hand Weapons
 a - a +0 falchion (weapon)
Missiles
 d - 53 stones (quivered)
 m - 3 needles of paralysis
 q - 2 tomahawks
 y - 14 sling bullets
Armour
 g - a cursed +0 pair of boots (worn)
 i - a scarf of repulsion (worn)
Scrolls
 c - 2 scrolls of enchant armour {unknown}
 e - 4 scrolls of teleportation {unknown}
 h - 2 scrolls of remove curse {unknown}
 j - a scroll of magic mapping {unknown}
 n - 4 scrolls of identify {unknown}
 p - 2 scrolls of noise {unknown}
 r - a scroll of enchant weapon {unknown}
 s - 2 scrolls of fear {unknown}
 t - a scroll of random uselessness {unknown}
 w - a scroll of immolation {unknown}
Potions
 f - 3 potions of mutation {unknown}
 k - 3 potions of curing {unknown}
 l - a potion of might {unknown}
 o - 4 potions of degeneration {unknown}
 u - a potion of invisibility {unknown}
 v - a potion of resistance {unknown}
 x - a potion of lignification {unknown}
Comestibles
 b - 3 rations


   Skills:
 + Level 4.2 Fighting
 * Level 4.7 Long Blades
 * Level 4.4 Dodging
 + Level 2.5 Stealth


You had 5 spell levels left.
You didn't know any spells.
Your spell library was empty.

Dungeon Overview and Level Annotations

Branches:
Dungeon (3/15)

Altars:
Gozag


Innate Abilities, Weirdness & Mutations

Your plain brown scales are hard. (AC +6)
You cannot fit into any form of body armour.
You are cold-blooded and may be slowed by cold attacks.


Message History

The orc hits you from afar with a +0 trident.
The orc hits you with a +0 hand axe! The orc wizard misses you.
The orc closely misses you.
You closely miss the orc wizard.
The orc wizard is almost dead.
The bat barely misses you. The orc barely misses you.
The bat hits you but does no damage. The orc barely misses you.
The orc wizard hits you but does no damage.
The orc hits you with a +0 mace.
You hit the orc wizard.
You kill the orc wizard!
You have reached level 6!
Your experience leads to an increase in your attributes!
Increase (S)trength, (I)ntelligence, or (D)exterity?
You feel agile.
Your scales feel tougher.
The bat closely misses you.
The orc hits you from afar with a +0 trident.
* * * LOW HITPOINT WARNING * * *
The orc hits you with a +0 hand axe!
* * * LOW HITPOINT WARNING * * *
The orc hits you with a +0 mace.
You die...

#.#.#................
#....................
###.#................
#.#................
###........).........
#...................
.#..................
....................
#.##..............
#./.........#.#
##@ob.......# #
#..)o...........
#...#...o......###
...# ..........## ..
.##.......## ##
........# ........#
........#


You could see 3 orcs and a bat.

Vanquished Creatures
  Purgy (Sewer)
  A scorpion (D:2)
  An orc wizard (D:3)
  Robin (D:3)
  3 adders
  A worm (D:3)
  6 leopard geckos (D:3)
  7 bats
  2 giant cockroaches
  13 goblins
  6 hobgoblins
  10 jackals
  A quokka (D:2)
  A frilled lizard (D:2)
  6 kobolds
  3 rats
63 creatures vanquished.

Notes
Turn   | Place    | Note
-------+----------+-------------------------------------------
     0 | D:1      | bli the Draconian Monk began the quest for the Orb.
     0 | D:1      | Reached XP level 1. HP: 19/19 MP: 1/1
   154 | D:1      | Reached XP level 2. HP: 25/26 MP: 2/2
   775 | D:2      | Noticed a scorpion
   790 | D:2      | Killed a scorpion
   790 | D:2      | Reached XP level 3. HP: 16/33 MP: 3/3
  1115 | D:2      | Reached XP level 4. HP: 40/40 MP: 4/4
  1187 | D:2      | Found an opulent altar of Gozag.
  1543 | D:3      | Noticed Robin
  1858 | D:3      | Killed Robin
  1858 | D:3      | Reached XP level 5. HP: 24/46 MP: 5/5
  1891 | D:3      | Found a glowing drain.
  1987 | Sewer    | Entered a sewer
  2072 | Sewer    | Noticed Purgy
  2105 | Sewer    | Killed Purgy
  2507 | D:3      | Reached XP level 6. HP: 17/52 MP: 6/6
  2507 | D:3      | Slain by an orc

Levels and vault maps discovered:
D:1:      sevenhm_arrival_forest_fort_large_3, layout_loops_ring
D:2:      layout_loops_cross, grunt_gozag_statues
D:3:      layout_rooms, minitemple, portal_sewer_entry_f, uniq_robin
Sewer:    sewer_the_crocodile

Skill      XL: |  1  2  3  4  5 |
---------------+----------------+-----
Dodging        | 3 4 |  4.4
Stealth        | 2 |  2.5
Fighting       | 4 |  4.2
Long Blades    | 4 |  4.7

Action                   |  1- 3 |  4- 6 || total
-------------------------+-------+-------++-------
Melee: Falchion          |    31 |   156 ||   187
       Tailslap          |     2 |    18 ||    20
Throw: Stone             |       |     3 ||     3
 Stab: Sleeping          |     5 |     3 ||     8
       Distracted        |     1 |       ||     1
  Eat: Chunk             |     1 |     4 ||     5
Armor: Skin              |     5 |    75 ||    80
Dodge: Dodged            |    22 |   176 ||   198
       Rpst.: Falchion   |    11 |    41 ||    52

Table legend:
 A = Non-vault XP
 B = Vault XP
 C = Vault XP percentage of total XP
 D = Non-vault monster count
 E = Vault monster count
 F = Vault count percentage of total count
                 A         B        C        D         E       F
            +---------+---------+-------+---------+---------+-------
      Total |     218 |     190 |  46.6 |      41 |      22 |  34.9
            +---------+---------+-------+---------+---------+-------
        D:1 |      17 |       0 |   0.0 |      10 |       0 |   0.0
        D:2 |     126 |       6 |   4.5 |      19 |       3 |  13.6
        D:3 |      75 |      44 |  37.0 |      12 |      13 |  52.0
      Sewer |       0 |     140 | 100.0 |       0 |       6 | 100.0
            +---------+---------+-------+---------+---------+-------
